 Dungeon Crawl Stone Soup version 0.23.2-33-g5129a83184 (webtiles) character file.

Game seed: 9908774702538292393

5496 FishyPogo the Fighter (level 10, 0/67 HPs)
             Began as a Gargoyle Berserker on Aug 4, 2019.
             Was a High Priest of Trog.
             Slain by a yak (11 damage)
             ... on level 8 of the Dungeon.
             The game lasted 00:29:00 (7346 turns).

FishyPogo the Fighter (Gargoyle Berserker)          Turns: 7346, Time: 00:29:01

Health: 0/67       AC: 17    Str: 22    XL:     10   Next: 69%
Magic:  10/10      EV: 11    Int:  9    God:    Trog [*****.]
Gold:   365        SH:  4    Dex: 10    Spells: 9/9 levels left

rFire    + . .     SeeInvis .   a - +3 mace
rCold    . . .     Gourm    .   G - +0 buckler
rNeg     + . .     Faith    .   j - +0 ring mail
rPois    ∞         Spirit   .   w - +0 helmet
rElec    +         Reflect  .   (no cloak)
rCorr    +         Harm     .   Q - +0 pair of gloves
MR       .....                  (no boots)
Stlth    +++.......             S - amulet of the acrobat
HPRegen  0.21/turn              L - ring of resist corrosion
MPRegen  0.12/turn              s - ring of protection from fire

@: berserk cooldown, slowed, very slow
A: negative energy resistance 1, electricity resistance, unbreathing,
petrification resistance, rot immunity, AC +7
a: Berserk, Trog's Hand, Brothers in Arms, Renounce Religion


You were on level 8 of the Dungeon.
You worshipped Trog.
Trog was extremely pleased with you.
You were hungry.

You visited 1 branch of the dungeon, and saw 9 of its levels.
You also visited: Sewer.

You collected 365 gold pieces.

Inventory:

Hand Weapons
 a - a +3 mace (weapon)
 b - a +2 whip of electrocution
Missiles
 r - 276 stones (quivered)
Armour
 j - a +0 ring mail (worn)
 w - a +0 helmet (worn)
 G - a +0 buckler (worn)
 Q - a +0 pair of gloves (worn)
 R - a +0 plate armour of fire resistance
Jewellery
 d - an uncursed ring of flight
 e - an uncursed ring of fire
 s - a ring of protection from fire (right hand)
 x - an uncursed amulet of regeneration
 y - an uncursed ring of see invisible
 I - an uncursed amulet of guardian spirit
 L - a ring of resist corrosion (left hand)
 S - an amulet of the acrobat (around neck)
Wands
 u - a wand of flame (31)
 v - a wand of random effects (17)
 O - a wand of scattershot (8)
 P - a wand of iceblast (7)
Scrolls
 h - 11 scrolls of remove curse
 i - a scroll of random uselessness {unknown}
 m - 2 scrolls of noise
 n - 4 scrolls of teleportation
 q - 4 scrolls of identify
 B - 4 scrolls of amnesia {unknown}
 C - a scroll of fog
 E - 4 scrolls of enchant weapon
 F - 2 scrolls of enchant armour {unknown}
 H - 2 scrolls of blinking {unknown}
 J - a scroll of fear {unknown}
Potions
 f - a potion of might {unknown}
 g - a potion of lignification {unknown}
 k - 4 potions of agility {unknown}
 l - a potion of haste
 o - a potion of mutation {unknown}
 p - 4 potions of degeneration {unknown}
 z - 9 potions of curing
 A - a potion of magic {unknown}
 D - 5 potions of brilliance {unknown}
 M - 2 potions of heal wounds {unknown}
 N - 4 potions of flight {unknown}
Comestibles
 c - 12 rations


   Skills:
 * Level 9.6 Fighting
 + Level 6.7 Maces & Flails
 * Level 9.2 Armour
 - Level 2.0 Dodging
 + Level 8.9 Stealth
 - Level 4.0 Shields


You had 9 spell levels left.
You didn't know any spells.
Your spell library was empty.

Dungeon Overview and Level Annotations

Branches:
Dungeon (9/15)             Temple (0/1) D:7
   Lair: D:8-11         Orc: D:9-12

Altars:
Cheibriados
Dithmenos
Elyvilon
Kikubaaqudgha
Nemelex Xobeh
Okawaru
Qazlal
Ru
Sif Muna
Trog
Uskayaw
Vehumet
Wu Jian
Xom
Zin
Beogh

Annotations:
D:8 3 runed translucent doors, Acheron's ghost, novice HaSk


Innate Abilities, Weirdness & Mutations

You are resistant to torment.
Your stone body is resilient. (AC +7)
You are immune to poison.
You resist negative energy. (rN+)
You are resistant to electric shocks. (rElec)
You can survive without breathing.
You are immune to petrification.
You are immune to rotting.


Message History

The yak is almost dead.
You sock the yak!
You kill the yak!
Trog accepts your kill. The yak gores you but does no damage.
Your ring mail prevents you from hitting the yak.
The yak gores you but does no damage.
You sock the yak!
The yak is moderately wounded.
The yak gores you.
* * * LOW HITPOINT WARNING * * *
You bludgeon the yak!!
The yak is severely wounded.
You are no longer berserk.
You are exhausted.
You feel yourself slow down.
You thump the yak!
The yak is almost dead.
The yak gores you!
You die...

#.#.#.# ##.#.#.#
#...#.# #.....#
.....<#########.#..###
###.........# #.#....#
#....####.# #..#...##
##...# #.####......##
#....#
#.).##.......#####
#....#
###[.#...........#
#....#
##.#@..........#
###....#
#..Y.....#....#
.......#
###...........#
.......# #...........#
.......# #...........#
.......# ##.....#....#
.......# ##...##....#
.......# ######....#
######## ######


You could see a yak.

Vanquished Creatures
  Prince Ribbit (D:7)
  3 hippogriffs
  2 yaks (D:8)
  A hornet zombie (D:6)
  4 ice beasts
  4 orc warriors
  An eye of draining (D:4)
  3 ogres
  A necrophage (D:6)
  2 phantoms
  6 centaurs
  A big kobold (D:8)
  4 bullfrogs
  A gnoll sergeant (D:6)
  5 scorpions
  5 killer bees
  6 wights
  3 howler monkeys (D:8)
  2 crimson imps
  A quasit (D:8)
  2 jellies
  A bullfrog skeleton (D:5)
  4 hounds
  9 orc priests
  3 orc wizards
  Jessica (D:2)
  Natasha (thrice) (D:4)
  2 iguanas
  7 worker ants
  13 adders
  5 gnolls
  2 oozes
  An adder skeleton (D:3)
  An adder zombie (D:8)
  5 worms
  A dart slug (D:2)
  6 leopard geckos
  36 orcs
  5 ball pythons
  7 giant cockroaches
  14 goblins
  5 hobgoblins
  4 jackals (D:3)
  24 kobolds
  3 quokkas
  9 bats
  8 frilled lizards
  2 leopard gecko skeletons
  7 rats
246 creatures vanquished.

Notes
Turn   | Place    | Note
-------+----------+-------------------------------------------
     0 | D:1      | FishyPogo the Gargoyle Berserker began the quest for the
                  | Orb.
     0 | D:1      | Reached XP level 1. HP: 14/14 MP: 1/1
    84 | D:1      | Reached XP level 2. HP: 16/19 MP: 2/2
   384 | D:1      | Reached XP level 3. HP: 21/24 MP: 3/3
   436 | D:1      | Reached ** piety under Trog
   780 | D:2      | Reached skill level 1 in Stealth
   820 | D:2      | Noticed Jessica
   829 | D:2      | Killed Jessica
   829 | D:2      | Reached XP level 4. HP: 20/29 MP: 4/4
   915 | D:2      | Found a white marble altar of Elyvilon.
  1194 | D:2      | Found a glowing silver altar of Zin.
  1249 | D:2      | Found a deep blue altar of Sif Muna.
  1352 | D:2      | Found a sacrificial altar of Ru.
  1727 | D:3      | Found an ornate altar of the Wu Jian Council.
  1902 | D:3      | Found a sparkling altar of Nemelex Xobeh.
  1903 | D:3      | Found a bloodstained altar of Trog.
  1906 | D:3      | Found a hide-covered altar of Uskayaw.
  1906 | D:3      | Found an ancient bone altar of Kikubaaqudgha.
  1906 | D:3      | Found a shimmering altar of Xom.
  1930 | D:3      | Found a snail-covered altar of Cheibriados.
  2066 | D:3      | Reached XP level 5. HP: 33/33 MP: 5/5
  2217 | D:3      | Reached *** piety under Trog
  2407 | D:4      | Found a stormy altar of Qazlal.
  2419 | D:4      | Noticed a phantom
  2456 | D:4      | Killed a phantom
  2463 | D:4      | Found a radiant altar of Vehumet.
  2525 | D:4      | Noticed Natasha
  2529 | D:4      | Killed Natasha
  2529 | D:4      | Reached XP level 6. HP: 35/39 MP: 6/6
  2591 | D:4      | Noticed Natasha
  2594 | D:4      | Killed Natasha
  2613 | D:4      | Noticed an eye of draining
  2625 | D:4      | Killed an eye of draining
  2625 | D:4      | Reached skill level 5 in Fighting
  2631 | D:4      | Reached XP level 7. HP: 15/44 MP: 1/7
  2645 | D:4      | Found an iron altar of Okawaru.
  2944 | D:4      | Noticed Natasha
  2956 | D:4      | Killed Natasha
  3021 | D:4      | Reached skill level 5 in Armour
  3281 | D:5      | Entered Level 5 of the Dungeon
  3324 | D:5      | Found an iron altar of Okawaru.
  3356 | D:5      | Reached skill level 5 in Stealth
  3356 | D:5      | Reached XP level 8. HP: 38/51 MP: 8/8
  3763 | D:5      | Reached skill level 5 in Maces & Flails
  3785 | D:5      | Reached **** piety under Trog
  3790 | D:5      | Reached skill level 1 in Shields
  4089 | D:6      | Found a glowing drain.
  4108 | D:6      | Reached XP level 9. HP: 57/57 MP: 9/9
  4144 | Sewer    | Entered a sewer
  4547 | D:6      | Reached ***** piety under Trog
  4603 | D:6      | Found a shadowy altar of Dithmenos.
  4854 | D:6      | Found a white marble altar of Elyvilon.
  5569 | D:7      | Noticed Prince Ribbit
  5598 | D:7      | Killed Prince Ribbit
  5716 | D:7      | Found a staircase to the Ecumenical Temple.
  5795 | D:7      | Reached XP level 10. HP: 65/65 MP: 10/10
  5910 | D:8      | Found a sacrificial altar of Ru.
  6428 | D:8      | Found a roughly hewn altar of Beogh.
  6669 | D:8      | Found a runed translucent gate.
  6669 | D:8      | Noticed Acheron's ghost (novice HaSk)
  6670 | D:8      | Found a runed translucent gate.
  6670 | D:8      | Identified the +5 great sword "Bereusar" {drain, MR+ Str+3
                  | Int+3}
  6670 | D:8      | Identified the cursed +1 chain mail "Uppeix" {rC+ MP+9}
  6671 | D:8      | Found a runed translucent gate.
  6682 | D:8      | Found a roughly hewn altar of Beogh.
  6729 | D:8      | Found a sacrificial altar of Ru.
  6948 | D:9      | Found a sacrificial altar of Ru.
  7346 | D:8      | Slain by a yak

Skill      XL: |  1  2  3  4  5  6  7  8  9 10 |
---------------+-------------------------------+-----
Stealth        | 1 2 3 5 6 8 |  8.9
Fighting       | 4 5 6 7 8 9 |  9.6
Dodging        | 2 |  2.0
Armour         | 3 4 5 6 7 9 |  9.2
Maces & Flails | 4 5 6 |  6.7
Shields        | 2 4 |  4.0

Action                   |  1- 3 |  4- 6 |  7- 9 | 10-12 || total
-------------------------+-------+-------+-------+-------++-------
Melee: Mace              |    92 |    30 |   290 |   323 ||   735
       Flail             |       |   158 |   257 |       ||   415
Throw: Stone             |       |       |     9 |     1 ||    10
Invok: Berserk           |     1 |     1 |     6 |     2 ||    10
  Use: Scroll            |       |       |     5 |     1 ||     6
 Stab: Sleeping          |       |     1 |    10 |     5 ||    16
  Eat: Chunk             |     1 |     7 |    18 |     6 ||    32
Armor: Animal skin       |    26 |       |       |       ||    26
       Ring mail         |    17 |   107 |   308 |   180 ||   612
Dodge: Dodged            |    73 |   154 |   358 |   220 ||   805
Block: Buckler           |       |       |    84 |    75 ||   159
